Map: Odissea LE

Players

Trebo - Winner!

  • Race: Protoss Protoss
  • League: Silver
  • Spawn Location: 11:00

TurkN

  • Race: Zerg Zerg
  • Spawn Location: 5:00

VOD

Have the link to the VOD?

Description

Time

  • Played on: Nov. 22, 2017, 10:55 a.m.
  • Length: 14:13
Show
View Real Time Build Order
Export as new Build Order

Trebo Protoss - Winner!

Build Orders:  

Get SALT Encoding   

  12  0:00  Probe  
  13  0:13  Probe  
  14  0:25  Pylon, Probe  
  15  0:43  Probe (Chrono Boost)  
  15  0:47  Gateway  
  16  0:52  Assimilator  
  16  0:55  Probe (Chrono Boost)  
  17  1:02  Probe (Chrono Boost)  
  18  1:09  Probe  
  19  1:21  Probe (Chrono Boost)  
  21  1:33  Probe (Chrono Boost)  
  21  1:35  Cybernetics Core, Probe  
  22  1:40  Pylon  
  22  1:47  Probe  
  22  1:48  Assimilator  
  23  1:58  Zealot (Chrono Boost)  
  23  2:00  Probe  
  26  2:15  Nexus  
  26  2:18  Warp Gate  
  26  2:25  Probe  
  26  2:26  Sentry (Chrono Boost)  
  29  2:32  Pylon  
  29  2:45  Pylon  
  29  2:55  Twilight Council  
  29  2:58  Robotics Facility  
  29  3:09  Pylon  
  29  3:10  Probe  
  30  3:29  Gateway  
  30  3:30  Gateway  
  30  3:33  Shield Battery  
  30  3:37  Probe (Chrono Boost)  
  30  3:38  Probe (Chrono Boost)  
  32  3:48  Probe x2 (Chrono Boost)  
  34  3:49  Charge  
  34  3:52  Probe  
  34  3:55  Probe  
  35  4:06  Immortal  
  39  4:13  Probe x2  
  41  4:25  Probe x2  
  41  4:26  Zealot  
  41  4:27  Zealot  
  41  4:28  Zealot  
  49  4:39  Probe x2  
  49  4:42  Assimilator  
  49  4:44  Assimilator  
  51  4:50  Templar Archives  
  51  4:51  Probe  
  51  4:52  Probe  
  53  4:55  Warp Prism  
  55  5:05  Zealot x2  
  59  5:07  Zealot  
  61  5:21  Probe x2  
  63  5:22  Psionic Storm  
  63  5:31  Observer (Chrono Boost)  
  63  5:33  Probe x2  
  70  5:42  Immortal  
  70  5:57  Pylon  
  70  6:00  Pylon  
  70  6:04  Pylon  
  70  6:15  Probe  
  71  6:19  Nexus  
  71  6:22  High Templar  
  71  6:23  High Templar x2  
  77  6:34  Gateway  
  77  6:35  Gateway  
  77  6:38  Forge  
  77  6:40  Forge  
  77  6:42  Forge  
  77  7:06  Protoss Ground Weapons Level 1, Protoss Ground Armor Level 1, Protoss Shields Level 1  
  77  7:25  Robotics Facility  
  77  7:29  Gateway  
  77  7:33  Gateway, High Templar  
  77  7:34  High Templar x2  
  83  7:52  Probe  
  83  7:53  Probe x2  
  83  7:56  Assimilator  
  86  8:00  Assimilator  
  86  8:04  Pylon, Probe  
  86  8:05  Probe x2  
  89  8:08  Pylon  
  89  8:12  Pylon  
  89  8:14  Archon x2  
  89  8:16  High Templar x2, Probe  
  89  8:17  High Templar x2, Probe x2  
  89  8:19  Zealot  
  102  8:21  Archon  
  102  8:22  Archon  
  102  8:28  Probe  
  102  8:29  Probe x2  
  102  8:31  Immortal  
  102  8:33  Immortal  
  114  8:41  Probe (Chrono Boost)  
  114  8:42  Probe (Chrono Boost)  
  114  8:43  Probe (Chrono Boost)  
  116  9:12  Gateway  
  116  9:14  Gateway  
  116  9:15  Protoss Ground Weapons Level 2 (Chrono Boost)  
  116  9:18  Protoss Shields Level 2 (Chrono Boost)  
  116  9:20  Gateway  
  116  9:23  Pylon  
  116  9:25  Pylon, Sentry x2  
  116  9:27  Stalker x2  
  116  9:28  Protoss Ground Armor Level 2 (Chrono Boost), Nexus  
  116  9:30  Pylon, Stalker  
  126  9:33  Stalker  
  126  9:37  Pylon, Stalker  
  130  9:41  Pylon  
  130  10:00  Observer  
  130  10:29  High Templar  
  130  10:30  High Templar  
  130  10:32  Stalker x5  
  130  10:33  Stalker x3  
  144  11:38  Zealot x3  
  144  11:39  Zealot x3  
  150  11:43  Zealot x4  
  136  12:07  Zealot  
  136  12:08  Zealot x6  
  132  12:09  Zealot x3  
  112  12:49  Zealot x4  
  112  12:50  Zealot x6  
  120  13:15  Immortal x2  
  128  13:22  Stalker x3  
  128  13:23  High Templar, Stalker x2  
  128  13:24  High Templar x2  
  128  13:25  High Templar x2  
  148  13:39  Archon  
  148  13:40  Archon  
  148  13:47  Zealot x2  
  148  13:48  Zealot x3  
Show
View Real Time Build Order
Export as new Build Order

TurkN Zerg 

Build Orders: Hatch First 

Get SALT Encoding   

  12  0:01  Drone  
  13  0:11  Drone  
  14  0:15  Extractor  
  14  0:16  Drone  
  14  0:20  Extractor  
  13  0:21  Drone  
  15  0:29  Overlord  
  15  1:08  Drone x3  
  18  1:12  Hatchery  
  17  1:46  Spawning Pool  
  16  1:49  Drone  
  16  1:51  Drone  
  16  1:52  Drone  
  19  2:02  Drone  
  20  2:12  Drone  
  21  2:23  Drone  
  21  2:25  Drone  
  23  2:36  Drone x2  
  23  2:37  Queen  
  25  2:41  Metabolic Boost  
  27  2:48  Drone  
  28  3:02  Overlord x2  
  28  3:17  Overlord  
  28  3:18  Overlord  
  28  3:20  Queen  
  30  3:31  Zergling x6  
  30  3:32  Zergling x2  
  34  3:41  Zergling x2  
  35  3:48  Zergling x4  
  35  3:49  Zergling x6  
  40  4:01  Drone x2  
  42  4:26  Extractor  
  42  4:30  Roach Warren  
  39  4:46  Drone x4, Extractor  
  39  4:51  Drone  
  39  4:52  Drone x4  
  47  4:56  Zergling x2  
  47  4:57  Zergling x6  
  51  5:05  Queen  
  53  5:07  Lair  
  53  5:15  Zergling x6  
  56  5:27  Roach x2  
  56  5:28  Overlord x4  
  60  5:57  Spore Crawler  
  60  5:59  Spore Crawler  
  60  6:02  Drone x2  
  60  6:09  Evolution Chamber  
  60  6:11  Drone x2, Evolution Chamber  
  61  6:18  Drone x5  
  65  6:22  Glial Reconstitution  
  65  6:27  Roach x5  
  65  6:28  Roach x3  
  80  7:08  Spore Crawler  
  79  7:10  Spore Crawler  
  80  7:15  Roach  
  80  7:16  Roach x6  
  80  7:18  Overlord x2  
  80  7:19  Overlord  
  92  7:27  Zerg Missile Weapons Level 1  
  92  7:28  Zerg Ground Armor Level 1  
  92  7:35  Hydralisk Den  
  91  7:52  Extractor  
  91  7:54  Pneumatized Carapace  
  91  7:56  Drone x3  
  93  7:59  Roach x3  
  99  8:24  Drone x2  
  101  8:27  Roach x2  
  101  8:31  Ravager x9  
  101  8:32  Ravager  
  115  8:41  Overlord x4  
  115  8:49  Hatchery  
  115  8:54  Muscular Augments, Hydralisk  
  116  8:56  Overlord  
  116  8:57  Overlord x3  
  116  8:58  Overlord  
  116  9:25  Baneling Nest  
  115  9:39  Roach x12  
  139  10:08  Roach x10  
  139  10:09  Roach  
  161  10:19  Hydralisk x2  
  161  10:20  Hydralisk  
  167  10:27  Ravager x2  
  167  10:28  Ravager x3  
  172  10:34  Baneling  
  172  10:35  Baneling x3  
  172  10:36  Baneling  
  172  11:02  Zergling x16  
  172  11:03  Zergling x2  
  174  11:05  Baneling  
  174  11:08  Baneling x6  
  174  11:09  Baneling x4  
  168  11:26  Queen  
  168  11:27  Drone x2  
  171  11:36  Zerg Missile Weapons Level 2  
  163  11:40  Zergling x12  
  163  11:41  Zergling x2  
  170  11:49  Hydralisk  
  170  11:51  Hydralisk  
  170  11:52  Hydralisk  
  149  12:06  Hydralisk x7  
  152  12:27  Zergling x12  
  84  12:45  Zergling x12  
  84  12:46  Zergling x14  
  63  13:02  Hydralisk x2  
  61  13:11  Hydralisk x2  
  59  13:19  Hydralisk  
  55  13:20  Hydralisk x3  
  55  13:21  Hydralisk  
  55  13:24  Hydralisk  
  55  13:25  Hydralisk  
  65  13:37  Hydralisk x2  
  69  13:43  Hydralisk  
Tags
 
League
Silver
Matchup
PvZ
Spawn Locations
Cross Positions
Add a new tag
Caveats
  • Supply blocks, unpowered buildings, or Contaminate may cause inaccurate times.
  • Supply counts are checked every 10 seconds.